Flyers vs Avalanche
Created - January 29, 2018 at 19:49
Goals
|
| Flyers |
1 |
1 |
0 |
2 |
| Avalanche |
1 |
2 |
3 |
6 |
|
Shots
|
| Flyers |
15 |
16 |
7 |
38 |
| Avalanche |
10 |
22 |
11 |
43 |
|
1st period
1. Flyers , Jeff Carter 27 (Chris Kreider 30) at 0:10
2. Avalanche , Andrei Kostitsyn 15 (Johnny Boychuk 12, Mark Giordano 6) at 3:44
Penalties :
Rostislav Olesz (Phi) for Roughing (Minor) at 11:27
2nd period
3. Avalanche , Corey Perry 15 (Mikkel Boedker 27, Bryan Little 27) at 8:10 (PP)
4. Avalanche , Mikkel Boedker 22 (Pernell Karl Subban 12, Jack Johnson 19) at 8:47
5. Flyers , Wayne Simmonds 11 (Chris Kreider 31, Jeff Carter 34) at 16:06
Penalties :
Wayne Simmonds (Phi) for Interference (Minor) at 6:47, Alexei Morozov (Phi) for Tripping (Minor) at 10:05
3rd period
6. Avalanche , Andrei Kostitsyn 16 (Paul Stastny 20, Alexander Radulov 17) at 1:46
7. Avalanche , Andrei Kostitsyn 17 (Paul Stastny 21, Jack Johnson 20) at 8:07
8. Avalanche , Corey Perry 16 (Mikkel Boedker 28, Bryan Little 28) at 19:52 (PP)
Penalties :
Mikkel Boedker (Col) for Hooking (Minor) at 8:22, Chris Kreider (Phi) for Hooking (Minor) at 19:30
Goalie Stats
Cory Schneider (Phi), 37 saves from 43 shots - (0.860), L, 10-11-5, 60:00 minutes
Semyon Varlamov (Col), 36 saves from 38 shots - (0.947), W, 22-12-4, 60:00 minutes
Players Stats for Flyers
Player Name G A P +/- PIM S H SB GA TA FO MP PP MP PK MP
------------------------------------------------------------------------------------
Alexei Morozov 0 0 0 0 2 1 0 0 0 0 0/0 6:28 0:00 0:00
Chris Kreider 0 2 2 0 2 6 3 1 0 0 0/1 19:58 1:10 1:48
Dany Heatley 0 0 0 -1 0 4 3 0 0 0 0/0 18:20 0:49 0:22
Drew Miller 0 0 0 -1 0 3 0 0 0 0 0/0 11:53 0:00 0:17
Jakub Voracek 0 0 0 -1 0 5 1 1 0 0 0/0 17:58 0:49 0:00
Jeff Carter 1 1 2 0 0 7 0 0 1 0 16/38 18:11 1:10 0:00
Jeff Woywitka 0 0 0 0 0 1 2 1 1 0 0/0 26:53 1:20 2:09
Jonathan Ericsson 0 0 0 1 0 0 0 2 2 1 0/0 23:55 1:20 2:09
Kyle Wellwood 0 0 0 -1 0 1 3 0 0 0 5/10 19:05 0:49 1:02
Marcus Kruger 0 0 0 -1 0 1 1 0 1 0 2/8 12:32 0:00 0:56
Mats Zuccarello 0 0 0 -1 0 0 3 1 0 0 1/1 11:36 0:00 0:00
Matt Smaby 0 0 0 0 0 1 1 0 1 0 0/0 12:38 0:00 0:00
Matthew Lombardi 0 0 0 0 0 1 0 1 0 0 2/12 10:12 0:00 3:45
Nathan Paetsch 0 0 0 0 0 0 2 1 0 0 0/0 12:38 0:00 0:00
Oliver Ekman-Larsson 0 0 0 -3 0 1 1 2 2 0 0/0 23:27 0:39 3:34
Rostislav Olesz 0 0 0 0 2 1 1 0 0 0 0/0 8:59 0:00 2:30
Stephane Robidas 0 0 0 -2 0 1 0 4 0 0 0/0 20:29 0:39 3:34
Wayne Simmonds 1 0 1 0 2 4 4 0 0 1 0/1 19:01 1:10 0:46
Players Stats for Avalanche
Player Name G A P +/- PIM S H SB GA TA FO MP PP MP PK MP
------------------------------------------------------------------------------------
Alexander Radulov 0 1 1 3 0 5 2 0 0 1 0/0 17:46 1:38 0:00
Andrei Kostitsyn 3 0 3 3 0 7 1 0 1 0 1/1 18:50 1:38 0:39
Andrew Ladd 0 0 0 0 0 2 0 0 0 0 0/0 11:01 0:23 0:24
Brandon Yip 0 0 0 0 0 1 3 1 0 0 1/1 11:01 0:23 0:24
Bryan Little 0 2 2 -1 0 3 2 0 0 0 17/28 19:18 3:42 0:00
Chuck Kobasew 0 0 0 0 0 1 0 0 0 0 0/0 10:51 0:00 0:56
Corey Perry 2 0 2 -1 0 3 0 1 0 0 2/2 19:18 3:42 0:00
Cory Emmerton 0 0 0 0 0 2 1 0 0 0 1/4 10:59 0:00 0:39
Jack Johnson 0 2 2 0 0 4 1 2 0 1 0/0 22:22 4:12 1:00
Jay Bouwmeester 0 0 0 1 0 2 1 1 0 0 0/0 23:25 3:44 0:00
Johnny Boychuk 0 1 1 1 0 0 0 1 0 2 0/0 16:33 0:07 1:00
Marc Staal 0 0 0 1 0 0 1 1 0 0 0/0 20:21 1:24 0:59
Mark Giordano 0 1 1 1 0 1 1 2 0 0 0/0 15:55 0:00 0:00
Mike Comrie 0 0 0 0 0 0 1 0 0 0 3/6 11:33 0:23 0:56
Mikkel Boedker 1 2 3 -1 2 10 5 0 0 2 3/5 19:42 3:42 0:00
Paul Stastny 0 2 2 3 0 1 0 1 1 0 17/24 17:46 1:38 0:00
Pernell Karl Subban 0 1 1 0 0 0 1 1 0 1 0/0 21:24 1:59 0:59
Ryan Smyth 0 0 0 0 0 1 2 0 0 1 0/0 9:55 0:00 0:00
3 Stars
1 - Andrei Kostitsyn (Col)
2 - Mikkel Boedker (Col)
3 - Semyon Varlamov (Col)
Power Play
Flyers - 0 on 1 Attempt(s) - 0.00%
Avalanche - 2 on 4 Attempt(s) - 50.00%
Penalty Kill
Flyers - 2 on 4 Attempt(s) - 50.00%
- Score 0 goal in Penalty Kill
Avalanche - 1 on 1 Attempt(s) - 100.00%
- Score 0 goal in Penalty Kill
Team Stat
Flyers - Hits : 25 - Faceoff Wins : 26 - Blocked Shots : 14 - Penalty Minutes : 8
Avalanche - Hits : 22 - Faceoff Wins : 45 - Blocked Shots : 11 - Penalty Minutes : 2
Official
Referees : Hebert Ghislain and Jackson Dave
Linesman : Derek Amell and Dan Schachte
Game Notes
8:47 of 2nd period - Avalanche goal is going for a video replay. After video review, Goal.
Andrei Kostitsyn has scored a Hat Trick!
Johnny Boychuk is injured at 14:54 of 3rd period (Left Hand)
Finance
Level 1 -- Attendance: 5503 (91.72%) -- Ticket Income $489,767
Level 2 -- Attendance: 4793 (95.86%) -- Ticket Income $263,615
Level 3 -- Attendance: 2000 (100.00%) -- Ticket Income $66,000
Level 4 -- Attendance: 4000 (100.00%) -- Ticket Income $92,000
Luxury Box -- Attendance: 747 (74.70%) -- Ticket Income $128,484
Game was played at the Pepsi Center.
Total Attendance: 17043 (94.68%)
Total Ticket Income: $1,039,866
Other Income: $155,980
Total Income: $1,195,846
Flyers
5 vs 5 Forward
Center Left Wing Right Wing Time % Phy DF OF
1 Jeff Carter Chris Kreider Wayne Simmonds 40 1 1 3
2 Kyle Wellwood Dany Heatley Jakub Voracek 30 0 1 4
3 Marcus Kruger Drew Miller Mats Zuccarello 20 0 2 3
4 Matthew Lombardi Rostislav Olesz Alexei Morozov 10 0 3 2
5 vs 5 Defense
Defense Defense Time % Phy DF OF
1 Jonathan Ericsson Jeff Woywitka 40 0 2 3
2 Stephane Robidas Oliver Ekman-Larsson 30 0 2 3
3 Nathan Paetsch Matt Smaby 20 0 3 2
4 Oliver Ekman-Larsson Jeff Woywitka 10 0 2 3
PowerPlay Forward
Center Left Wing Right Wing Time % Phy DF OF
1 Jeff Carter Chris Kreider Wayne Simmonds 60 1 0 4
2 Kyle Wellwood Dany Heatley Jakub Voracek 40 0 0 5
PowerPlay Defense
Defense Defense Time % Phy DF OF
1 Jeff Woywitka Jonathan Ericsson 60 0 2 3
2 Stephane Robidas Oliver Ekman-Larsson 40 0 2 3
Penalty Kill 4 Players Forward
Center Wing Time % Phy DF OF
1 Matthew Lombardi Rostislav Olesz 60 0 5 0
2 Kyle Wellwood Wayne Simmonds 40 0 3 2
Penalty Kill 4 Players Defense
Defense Defense Time % Phy DF OF
1 Oliver Ekman-Larsson Stephane Robidas 60 0 5 0
2 Jeff Woywitka Jonathan Ericsson 40 0 5 0
Penalty Kill - 3 Players Forward
Forward Time % Phy DF OF
1 Matthew Lombardi 60 0 5 0
2 Kyle Wellwood 40 0 3 2
Penalty Kill - 3 Players Defense
Defense Defense Time % Phy DF OF
1 Oliver Ekman-Larsson Stephane Robidas 60 0 5 0
2 Jeff Woywitka Jonathan Ericsson 40 0 5 0
4 vs 4 Forward
Center Wing Time % Phy DF OF
1 Jeff Carter Chris Kreider 60 1 1 3
2 Kyle Wellwood Dany Heatley 40 0 1 4
4 vs 4 Defense
Defense Defense Time % Phy DF OF
1 Stephane Robidas Jonathan Ericsson 60 0 3 2
2 Jonathan Ericsson Jeff Woywitka 40 0 3 2
Last Minutes Offensive
Center Left Wing Right Wing Defense Defense
Jeff Carter Dany Heatley Jakub Voracek Jonathan Ericsson Jeff Woywitka
Last Minutes Defensive
Center Left Wing Right Wing Defense Defense
Matthew Lombardi Dany Heatley Wayne Simmonds Jonathan Ericsson Jeff Woywitka
Goaltenders
Starting : Cory Schneider
Backup : Steve Mason
Extra Forwards
Normal : Chris Kreider, Dany Heatley, Jakub Voracek - PP : Chris Kreider, Dany Heatley - PK : Matthew Lombardi
Extra Defensemen
Normal : Oliver Ekman-Larsson, Stephane Robidas, Jeff Woywitka - PP : Jeff Woywitka - PK : Oliver Ekman-Larsson, Jeff Woywitka
Penalty Shots
Chris Kreider, Kyle Wellwood, Dany Heatley, Alexei Morozov, Jakub Voracek
Scratches
None
Avalanche
5 vs 5 Forward
Center Left Wing Right Wing Time % Phy DF OF
1 Bryan Little Mikkel Boedker Corey Perry 35 1 2 2
2 Paul Stastny Andrei Kostitsyn Alexander Radulov 35 1 2 2
3 Mike Comrie Andrew Ladd Brandon Yip 15 1 2 2
4 Cory Emmerton Ryan Smyth Chuck Kobasew 15 1 2 2
5 vs 5 Defense
Defense Defense Time % Phy DF OF
1 Jack Johnson Pernell Karl Subban 35 1 2 2
2 Marc Staal Jay Bouwmeester 35 1 2 2
3 Mark Giordano Johnny Boychuk 30 1 2 2
4 Jack Johnson Pernell Karl Subban 0 1 2 2
PowerPlay Forward
Center Left Wing Right Wing Time % Phy DF OF
1 Bryan Little Mikkel Boedker Corey Perry 60 1 2 2
2 Paul Stastny Andrei Kostitsyn Alexander Radulov 40 1 2 2
PowerPlay Defense
Defense Defense Time % Phy DF OF
1 Jack Johnson Jay Bouwmeester 60 1 2 2
2 Pernell Karl Subban Marc Staal 40 1 2 2
Penalty Kill 4 Players Forward
Center Wing Time % Phy DF OF
1 Mike Comrie Chuck Kobasew 60 1 2 2
2 Andrew Ladd Brandon Yip 40 1 2 2
Penalty Kill 4 Players Defense
Defense Defense Time % Phy DF OF
1 Marc Staal Pernell Karl Subban 60 1 2 2
2 Johnny Boychuk Jack Johnson 40 1 2 2
Penalty Kill - 3 Players Forward
Forward Time % Phy DF OF
1 Mike Comrie 60 1 2 2
2 Chuck Kobasew 40 1 2 2
Penalty Kill - 3 Players Defense
Defense Defense Time % Phy DF OF
1 Marc Staal Pernell Karl Subban 60 1 2 2
2 Jack Johnson Johnny Boychuk 40 1 2 2
4 vs 4 Forward
Center Wing Time % Phy DF OF
1 Bryan Little Mikkel Boedker 60 1 2 2
2 Corey Perry Andrei Kostitsyn 40 1 2 2
4 vs 4 Defense
Defense Defense Time % Phy DF OF
1 Jack Johnson Jay Bouwmeester 60 1 2 2
2 Marc Staal Johnny Boychuk 40 1 2 2
Last Minutes Offensive
Center Left Wing Right Wing Defense Defense
Bryan Little Mikkel Boedker Corey Perry Jack Johnson Jay Bouwmeester
Last Minutes Defensive
Center Left Wing Right Wing Defense Defense
Mike Comrie Andrew Ladd Chuck Kobasew Marc Staal Jack Johnson
Goaltenders
Starting : Semyon Varlamov
Backup : Dan Ellis
Extra Forwards
Normal : Paul Stastny, Alexander Radulov, Cory Emmerton - PP : Paul Stastny, Alexander Radulov - PK : Cory Emmerton
Extra Defensemen
Normal : Johnny Boychuk, Jay Bouwmeester, Pernell Karl Subban - PP : Marc Staal - PK : Jay Bouwmeester, Pernell Karl Subban
Penalty Shots
Bryan Little, Mikkel Boedker, Corey Perry, Andrei Kostitsyn, Mike Comrie
Scratches
None
% Time on Ice - Flyers
Lines # - Real PCT - Wanted PCT - Time Play
Normal Forward
1 - 33% - 40% - 17:01
2 - 33% - 30% - 17:14
3 - 22% - 20% - 11:36
4 - 12% - 10% - 6:27
Normal Defense
1 - 40% - 40% - 21:00
2 - 30% - 30% - 15:42
3 - 24% - 20% - 12:38
4 - 6% - 10% - 2:58
PP Forward
1 - 59% - 60% - 1:10
2 - 41% - 40% - 0:49
PP Defense
1 - 67% - 60% - 1:20
2 - 33% - 40% - 0:39
PK Forward
1 - 82% - 60% - 4:41
2 - 18% - 40% - 1:02
PK Defense
1 - 62% - 60% - 3:34
2 - 38% - 40% - 2:09
PK3 Forward
1 - 0% - 60%
2 - 0% - 40%
PK3 Defense
1 - 0% - 60%
2 - 0% - 40%
44 Forward
1 - 0% - 60%
2 - 0% - 40%
44 Defense
1 - 0% - 60%
2 - 0% - 40%
Last Minute Offensive - 0:00
Last Minute Defensive - 0:00
Total
Forward - 60:00
Defense - 60:00
|
% Time on Ice - Avalanche
Lines # - Real PCT - Wanted PCT - Time Play
Normal Forward
1 - 31% - 35% - 16:15
2 - 31% - 35% - 16:08
3 - 19% - 15% - 10:00
4 - 19% - 15% - 9:55
Normal Defense
1 - 34% - 35% - 17:49
2 - 36% - 35% - 18:34
3 - 30% - 30% - 15:55
4 - 0% - 0% - 0:00
PP Forward
1 - 71% - 60% - 4:05
2 - 29% - 40% - 1:38
PP Defense
1 - 76% - 60% - 4:19
2 - 24% - 40% - 1:24
PK Forward
1 - 80% - 60% - 1:35
2 - 20% - 40% - 0:24
PK Defense
1 - 50% - 60% - 0:59
2 - 50% - 40% - 1:00
PK3 Forward
1 - 0% - 60%
2 - 0% - 40%
PK3 Defense
1 - 0% - 60%
2 - 0% - 40%
44 Forward
1 - 0% - 60%
2 - 0% - 40%
44 Defense
1 - 0% - 60%
2 - 0% - 40%
Last Minute Offensive - 0:00
Last Minute Defensive - 0:00
Total
Forward - 60:00
Defense - 60:00
|
Play by Play
1st period
0:01 of 1st period - Mikkel Boedker wins face-off versus Jeff Carter in neutral zone.
0:04 of 1st period - Slapshot by Mikkel Boedker.
0:04 of 1st period - Stopped by Cory Schneider without a rebound.
0:05 of 1st period - Jeff Carter wins face-off versus Bryan Little in Flyers zone.
0:10 of 1st period - Wrist shot by Jeff Carter.
0:10 of 1st period - Goal by Jeff Carter - Flyers : 1 - Avalanche : 0.
0:11 of 1st period - Paul Stastny wins face-off versus Kyle Wellwood in neutral zone.
0:14 of 1st period - Snap shot by Paul Stastny.
0:14 of 1st period - Stopped by Cory Schneider with a rebound.
0:16 of 1st period - Slapshot by Jay Bouwmeester.
0:16 of 1st period - Stopped by Cory Schneider without a rebound.
0:17 of 1st period - Kyle Wellwood wins face-off versus Paul Stastny in Flyers zone.
0:45 of 1st period - Icing by Andrei Kostitsyn.
0:46 of 1st period - Mike Comrie wins face-off versus Marcus Kruger in Avalanche zone.
0:51 of 1st period - Mats Zuccarello is hit by Brandon Yip and loses puck.
1:00 of 1st period - Andrew Ladd is hit by Mats Zuccarello and loses puck.
1:12 of 1st period - Off-side.
1:13 of 1st period - Jeff Carter wins face-off versus Bryan Little in neutral zone.
1:22 of 1st period - Wrist shot by Chris Kreider.
1:22 of 1st period - Stopped by Semyon Varlamov without a rebound.
1:23 of 1st period - Mikkel Boedker wins face-off versus Jeff Carter in Avalanche zone.
1:28 of 1st period - Slapshot by Mikkel Boedker.
1:28 of 1st period - Stopped by Cory Schneider without a rebound.
1:29 of 1st period - Cory Emmerton wins face-off versus Matthew Lombardi in Flyers zone.
1:54 of 1st period - Wayne Simmonds is hit by Bryan Little.
1:58 of 1st period - Jack Johnson is hit by Matt Smaby and loses puck.
2:14 of 1st period - Off-side.
2:15 of 1st period - Paul Stastny wins face-off versus Kyle Wellwood in neutral zone.
2:39 of 1st period - Off-side.
2:40 of 1st period - Jeff Carter wins face-off versus Bryan Little in neutral zone.
2:43 of 1st period - Slapshot by Jeff Carter.
2:43 of 1st period - Shot Misses the Net.
3:12 of 1st period - Snap shot by Jakub Voracek.
3:12 of 1st period - Stopped by Semyon Varlamov without a rebound.
3:13 of 1st period - Mats Zuccarello wins face-off versus Cory Emmerton in Avalanche zone.
3:44 of 1st period - Wrist shot by Andrei Kostitsyn.
3:44 of 1st period - Goal by Andrei Kostitsyn - Flyers : 1 - Avalanche : 1.
3:45 of 1st period - Paul Stastny wins face-off versus Chris Kreider in neutral zone.
5:24 of 1st period - Snap shot by Andrei Kostitsyn.
5:24 of 1st period - Stopped by Cory Schneider without a rebound.
5:25 of 1st period - Paul Stastny wins face-off versus Kyle Wellwood in Flyers zone.
5:42 of 1st period - Matt Smaby is hit by Andrei Kostitsyn and loses puck.
6:09 of 1st period - Wrist shot by Andrei Kostitsyn.
6:09 of 1st period - Deflect By Paul Stastny.
6:09 of 1st period - Shot Misses the Net.
6:09 of 1st period - Puck is out of play.
6:10 of 1st period - Bryan Little wins face-off versus Jeff Carter in Flyers zone.
7:20 of 1st period - Snap shot by Alexei Morozov.
7:20 of 1st period - Stopped by Semyon Varlamov without a rebound.
7:21 of 1st period - Jeff Carter wins face-off versus Mikkel Boedker in Avalanche zone.
7:28 of 1st period - Wrist shot by Jeff Carter.
7:28 of 1st period - Deflect By Bryan Little.
7:28 of 1st period - Shot Blocked by Pernell Karl Subban.
7:28 of 1st period - Puck is out of play.
7:29 of 1st period - Mikkel Boedker wins face-off versus Jeff Carter in Avalanche zone.
7:57 of 1st period - Slapshot by Kyle Wellwood.
7:57 of 1st period - Stopped by Semyon Varlamov without a rebound.
7:58 of 1st period - Kyle Wellwood wins face-off versus Paul Stastny in Avalanche zone.
8:24 of 1st period - Paul Stastny is hit by Nathan Paetsch and loses puck.
8:47 of 1st period - Wrist shot by Alexander Radulov.
8:47 of 1st period - Stopped by Cory Schneider with a rebound.
9:13 of 1st period - Jakub Voracek is hit by Jay Bouwmeester and loses puck.
9:28 of 1st period - Slapshot by Jakub Voracek.
9:28 of 1st period - Shot Blocked by Jay Bouwmeester.
10:26 of 1st period - Slapshot by Dany Heatley.
10:26 of 1st period - Stopped by Semyon Varlamov without a rebound.
10:27 of 1st period - Jeff Carter wins face-off versus Bryan Little in Avalanche zone.
10:40 of 1st period - Slapshot by Chris Kreider.
10:40 of 1st period - Stopped by Semyon Varlamov with a rebound.
10:42 of 1st period - Slapshot by Jeff Woywitka.
10:42 of 1st period - Stopped by Semyon Varlamov with a rebound.
11:27 of 1st period - Minor Penalty to Rostislav Olesz for Roughing.
11:28 of 1st period - Bryan Little wins face-off versus Matthew Lombardi in Flyers zone.
11:39 of 1st period - Wrist shot by Bryan Little.
11:39 of 1st period - Shot Blocked by Matthew Lombardi.
11:49 of 1st period - Stephane Robidas is hit by Bryan Little and loses puck.
12:21 of 1st period - Off-side.
12:22 of 1st period - Brandon Yip wins face-off versus Matthew Lombardi in neutral zone.
12:25 of 1st period - Snap shot by Jack Johnson.
12:25 of 1st period - Shot Blocked by Jeff Woywitka.
12:27 of 1st period - Snap shot by Jay Bouwmeester.
12:27 of 1st period - Deflect By Andrew Ladd.
12:27 of 1st period - Shot Misses the Net.
12:27 of 1st period - Puck is out of play.
12:28 of 1st period - Bryan Little wins face-off versus Matthew Lombardi in Flyers zone.
13:27 of 1st period - Penalty to Rostislav Olesz is over, Rostislav Olesz is back on ice.
13:41 of 1st period - Backhand shot by Andrew Ladd.
13:41 of 1st period - Shot Misses the Net.
13:55 of 1st period - Snap shot by Marcus Kruger.
13:55 of 1st period - Shot Blocked by Mark Giordano.
13:57 of 1st period - Wrist shot by Jeff Carter.
13:57 of 1st period - Stopped by Semyon Varlamov with a rebound.
13:59 of 1st period - Slapshot by Wayne Simmonds.
13:59 of 1st period - Stopped by Semyon Varlamov with a rebound.
14:35 of 1st period - Slapshot by Dany Heatley.
14:35 of 1st period - Shot Misses the Net.
14:37 of 1st period - Slapshot by Matt Smaby.
14:37 of 1st period - Shot Blocked by Brandon Yip.
14:39 of 1st period - Snap shot by Dany Heatley.
14:39 of 1st period - Deflect By Jakub Voracek.
14:39 of 1st period - Stopped by Semyon Varlamov with a rebound.
15:29 of 1st period - Wrist shot by Matthew Lombardi.
15:29 of 1st period - Stopped by Semyon Varlamov without a rebound.
15:30 of 1st period - Jeff Carter wins face-off versus Cory Emmerton in Avalanche zone.
15:35 of 1st period - Wrist shot by Jeff Carter.
15:35 of 1st period - Stopped by Semyon Varlamov with a rebound.
15:41 of 1st period - Slapshot by Chris Kreider.
15:41 of 1st period - Stopped by Semyon Varlamov with a rebound.
15:43 of 1st period - Slapshot by Jonathan Ericsson.
15:43 of 1st period - Shot Misses the Net.
16:00 of 1st period - Off-side.
16:01 of 1st period - Bryan Little wins face-off versus Jeff Carter in neutral zone.
16:04 of 1st period - Wayne Simmonds is hit by Mikkel Boedker and loses puck.
16:15 of 1st period - Snap shot by Bryan Little.
16:15 of 1st period - Shot Blocked by Stephane Robidas.
17:17 of 1st period - Chuck Kobasew is hit by Rostislav Olesz and loses puck.
17:40 of 1st period - Snap shot by Mikkel Boedker.
17:40 of 1st period - Stopped by Cory Schneider without a rebound.
17:41 of 1st period - Paul Stastny wins face-off versus Marcus Kruger in Flyers zone.
17:48 of 1st period - Snap shot by Paul Stastny.
17:48 of 1st period - Shot Misses the Net.
17:50 of 1st period - Slapshot by Mark Giordano.
17:50 of 1st period - Deflect By Jonathan Ericsson.
17:50 of 1st period - Stopped by Cory Schneider without a rebound.
17:51 of 1st period - Paul Stastny wins face-off versus Marcus Kruger in Flyers zone.
18:43 of 1st period - Wrist shot by Alexander Radulov.
18:43 of 1st period - Stopped by Cory Schneider without a rebound.
18:44 of 1st period - Bryan Little wins face-off versus Jeff Carter in Flyers zone.
19:03 of 1st period - Jack Johnson is hit by Wayne Simmonds and loses puck.
19:22 of 1st period - Wrist shot by Kyle Wellwood.
19:22 of 1st period - Shot Misses the Net.
19:24 of 1st period - Snap shot by Dany Heatley.
19:24 of 1st period - Stopped by Semyon Varlamov with a rebound.
19:50 of 1st period - Icing by Jack Johnson.
19:51 of 1st period - Jeff Carter wins face-off versus Mike Comrie in Avalanche zone.
Goals for this period are 1 for Flyers vs 1 for Avalanche.
Shots for this period are 15 for Flyers vs 10 for Avalanche.
2nd period
0:01 of 2nd period - Bryan Little wins face-off versus Jeff Carter in neutral zone.
0:26 of 2nd period - Snap shot by Mats Zuccarello.
0:26 of 2nd period - Shot Misses the Net.
0:28 of 2nd period - Slapshot by Matt Smaby.
0:28 of 2nd period - Stopped by Semyon Varlamov without a rebound.
0:29 of 2nd period - Paul Stastny wins face-off versus Marcus Kruger in Avalanche zone.
0:38 of 2nd period - Snap shot by Marcus Kruger.
0:38 of 2nd period - Stopped by Semyon Varlamov without a rebound.
0:39 of 2nd period - Paul Stastny wins face-off versus Jeff Carter in Avalanche zone.
0:56 of 2nd period - Snap shot by Alexander Radulov.
0:56 of 2nd period - Shot Blocked by Jonathan Ericsson.
1:06 of 2nd period - Wrist shot by Andrei Kostitsyn.
1:06 of 2nd period - Shot Misses the Net.
1:22 of 2nd period - Wrist shot by Alexander Radulov.
1:22 of 2nd period - Stopped by Cory Schneider with a rebound.
1:24 of 2nd period - Snap shot by Jay Bouwmeester.
1:24 of 2nd period - Shot Misses the Net.
1:26 of 2nd period - Slapshot by Jay Bouwmeester.
1:26 of 2nd period - Deflect By Alexander Radulov.
1:26 of 2nd period - Shot Misses the Net.
1:26 of 2nd period - Puck is out of play.
1:27 of 2nd period - Jeff Carter wins face-off versus Bryan Little in Flyers zone.
1:36 of 2nd period - Snap shot by Jeff Carter.
1:36 of 2nd period - Shot Misses the Net.
1:38 of 2nd period - Snap shot by Jeff Carter.
1:38 of 2nd period - Stopped by Semyon Varlamov with a rebound.
1:40 of 2nd period - Slapshot by Wayne Simmonds.
1:40 of 2nd period - Stopped by Semyon Varlamov without a rebound.
1:41 of 2nd period - Jeff Carter wins face-off versus Bryan Little in Avalanche zone.
1:55 of 2nd period - Off-side.
1:56 of 2nd period - Bryan Little wins face-off versus Jeff Carter in neutral zone.
2:05 of 2nd period - Slapshot by Bryan Little.
2:05 of 2nd period - Stopped by Cory Schneider with a rebound.
2:07 of 2nd period - Slapshot by Jack Johnson.
2:07 of 2nd period - Stopped by Cory Schneider with a rebound.
2:09 of 2nd period - Slapshot by Bryan Little.
2:09 of 2nd period - Shot Misses the Net.
2:11 of 2nd period - Slapshot by Jack Johnson.
2:11 of 2nd period - Stopped by Cory Schneider without a rebound.
2:12 of 2nd period - Mike Comrie wins face-off versus Kyle Wellwood in Flyers zone.
2:24 of 2nd period - Wrist shot by Dany Heatley.
2:24 of 2nd period - Stopped by Semyon Varlamov with a rebound.
2:26 of 2nd period - Slapshot by Dany Heatley.
2:26 of 2nd period - Shot Blocked by Mark Giordano.
2:28 of 2nd period - Wrist shot by Dany Heatley.
2:28 of 2nd period - Shot Misses the Net.
2:50 of 2nd period - Snap shot by Brandon Yip.
2:50 of 2nd period - Shot Blocked by Oliver Ekman-Larsson.
3:22 of 2nd period - Brandon Yip is hit by Kyle Wellwood and loses puck.
3:31 of 2nd period - Slapshot by Jakub Voracek.
3:31 of 2nd period - Stopped by Semyon Varlamov with a rebound.
4:21 of 2nd period - Snap shot by Cory Emmerton.
4:21 of 2nd period - Stopped by Cory Schneider with a rebound.
4:23 of 2nd period - Snap shot by Chuck Kobasew.
4:23 of 2nd period - Stopped by Cory Schneider without a rebound.
4:24 of 2nd period - Jeff Carter wins face-off versus Cory Emmerton in Flyers zone.
4:49 of 2nd period - Mikkel Boedker is hit by Kyle Wellwood.
4:57 of 2nd period - Wrist shot by Mikkel Boedker.
4:57 of 2nd period - Stopped by Cory Schneider without a rebound.
4:58 of 2nd period - Jeff Carter wins face-off versus Bryan Little in Flyers zone.
5:30 of 2nd period - Snap shot by Jakub Voracek.
5:30 of 2nd period - Shot Blocked by Paul Stastny.
5:52 of 2nd period - Marcus Kruger is hit by Jack Johnson.
6:12 of 2nd period - Jonathan Ericsson is hit by Mike Comrie and loses puck.
6:29 of 2nd period - Snap shot by Jeff Carter.
6:29 of 2nd period - Stopped by Semyon Varlamov without a rebound.
6:30 of 2nd period - Corey Perry wins face-off versus Jeff Carter in Avalanche zone.
6:45 of 2nd period - Slapshot by Bryan Little.
6:45 of 2nd period - Stopped by Cory Schneider with a rebound.
6:47 of 2nd period - Minor Penalty to Wayne Simmonds for Interference.
6:48 of 2nd period - Bryan Little wins face-off versus Matthew Lombardi in Flyers zone.
6:57 of 2nd period - Wrist shot by Corey Perry.
6:57 of 2nd period - Shot Blocked by Stephane Robidas.
6:59 of 2nd period - Snap shot by Mikkel Boedker.
6:59 of 2nd period - Stopped by Cory Schneider with a rebound.
7:03 of 2nd period - Wrist shot by Corey Perry.
7:03 of 2nd period - Stopped by Cory Schneider without a rebound.
7:04 of 2nd period - Bryan Little wins face-off versus Matthew Lombardi in Flyers zone.
7:09 of 2nd period - Snap shot by Mikkel Boedker.
7:09 of 2nd period - Stopped by Cory Schneider without a rebound.
7:10 of 2nd period - Matthew Lombardi wins face-off versus Bryan Little in Flyers zone.
7:27 of 2nd period - Slapshot by Jack Johnson.
7:27 of 2nd period - Stopped by Cory Schneider without a rebound.
7:28 of 2nd period - Paul Stastny wins face-off versus Matthew Lombardi in Flyers zone.
8:08 of 2nd period - Snap shot by Mikkel Boedker.
8:08 of 2nd period - Stopped by Cory Schneider with a rebound.
8:10 of 2nd period - Wrist shot by Corey Perry.
8:10 of 2nd period - Goal by Corey Perry - Flyers : 1 - Avalanche : 2.
8:11 of 2nd period - Jeff Carter wins face-off versus Mikkel Boedker in neutral zone.
8:18 of 2nd period - Slapshot by Jeff Carter.
8:18 of 2nd period - Shot Misses the Net.
8:20 of 2nd period - Slapshot by Oliver Ekman-Larsson.
8:20 of 2nd period - Stopped by Semyon Varlamov with a rebound.
8:22 of 2nd period - Slapshot by Jeff Carter.
8:22 of 2nd period - Stopped by Semyon Varlamov with a rebound.
8:24 of 2nd period - Wrist shot by Chris Kreider.
8:24 of 2nd period - Stopped by Semyon Varlamov with a rebound.
8:36 of 2nd period - Jack Johnson is hit by Jeff Woywitka and loses puck.
8:45 of 2nd period - Snap shot by Pernell Karl Subban.
8:45 of 2nd period - Shot Blocked by Mats Zuccarello.
8:47 of 2nd period - Snap shot by Mikkel Boedker.
8:47 of 2nd period - Avalanche goal is going for a video replay.
8:47 of 2nd period - The goal is good.
8:47 of 2nd period - Goal by Mikkel Boedker - Flyers : 1 - Avalanche : 3.
8:48 of 2nd period - Paul Stastny wins face-off versus Jeff Carter in neutral zone.
9:51 of 2nd period - Wrist shot by Chuck Kobasew.
9:51 of 2nd period - Shot Misses the Net.
10:03 of 2nd period - Wrist shot by Jack Johnson.
10:03 of 2nd period - Stopped by Cory Schneider with a rebound.
10:05 of 2nd period - Minor Penalty to Alexei Morozov for Tripping.
10:06 of 2nd period - Bryan Little wins face-off versus Matthew Lombardi in Flyers zone.
10:38 of 2nd period - Kyle Wellwood is hit by Alexander Radulov and loses puck.
10:43 of 2nd period - Wrist shot by Andrei Kostitsyn.
10:43 of 2nd period - Stopped by Cory Schneider with a rebound.
12:05 of 2nd period - Penalty to Alexei Morozov is over, Alexei Morozov is back on ice.
12:23 of 2nd period - Ryan Smyth is hit by Mats Zuccarello and loses puck.
12:39 of 2nd period - Chuck Kobasew is hit by Dany Heatley and loses puck.
13:58 of 2nd period - Mikkel Boedker is hit by Wayne Simmonds and loses puck.
14:07 of 2nd period - Mark Giordano is hit by Chris Kreider and loses puck.
14:18 of 2nd period - Chuck Kobasew is hit by Mats Zuccarello and loses puck.
14:35 of 2nd period - Snap shot by Brandon Yip.
14:35 of 2nd period - Stopped by Cory Schneider with a rebound.
14:41 of 2nd period - Mark Giordano is hit by Jeff Woywitka and loses puck.
14:54 of 2nd period - Wrist shot by Andrei Kostitsyn.
14:54 of 2nd period - Stopped by Cory Schneider without a rebound.
14:55 of 2nd period - Paul Stastny wins face-off versus Kyle Wellwood in Flyers zone.
14:56 of 2nd period - Snap shot by Andrei Kostitsyn.
14:56 of 2nd period - Deflect By Alexander Radulov.
14:56 of 2nd period - Stopped by Cory Schneider with a rebound.
14:58 of 2nd period - Slapshot by Jack Johnson.
14:58 of 2nd period - Deflect By Alexander Radulov.
14:58 of 2nd period - Stopped by Cory Schneider with a rebound.
15:00 of 2nd period - Slapshot by Jack Johnson.
15:00 of 2nd period - Shot Misses the Net.
15:02 of 2nd period - Wrist shot by Andrei Kostitsyn.
15:02 of 2nd period - Shot Misses the Net.
15:04 of 2nd period - Slapshot by Paul Stastny.
15:04 of 2nd period - Shot Blocked by Stephane Robidas.
15:06 of 2nd period - Slapshot by Pernell Karl Subban.
15:06 of 2nd period - Shot Blocked by Oliver Ekman-Larsson.
15:24 of 2nd period - Wrist shot by Bryan Little.
15:24 of 2nd period - Stopped by Cory Schneider with a rebound.
15:26 of 2nd period - Backhand shot by Mikkel Boedker.
15:26 of 2nd period - Deflect By Oliver Ekman-Larsson.
15:26 of 2nd period - Shot Blocked by Chris Kreider.
15:26 of 2nd period - Puck is out of play.
15:27 of 2nd period - Jeff Carter wins face-off versus Bryan Little in Flyers zone.
15:32 of 2nd period - Backhand shot by Jonathan Ericsson.
15:32 of 2nd period - Shot Blocked by Marc Staal.
15:34 of 2nd period - Snap shot by Wayne Simmonds.
15:34 of 2nd period - Stopped by Semyon Varlamov without a rebound.
15:35 of 2nd period - Bryan Little wins face-off versus Jeff Carter in Avalanche zone.
15:51 of 2nd period - Mikkel Boedker is hit by Chris Kreider and loses puck.
16:04 of 2nd period - Wrist shot by Chris Kreider.
16:04 of 2nd period - Stopped by Semyon Varlamov with a rebound.
16:06 of 2nd period - Snap shot by Wayne Simmonds.
16:06 of 2nd period - Goal by Wayne Simmonds - Flyers : 2 - Avalanche : 3.
16:07 of 2nd period - Jeff Carter wins face-off versus Paul Stastny in neutral zone.
16:56 of 2nd period - Pernell Karl Subban is hit by Dany Heatley and loses puck.
17:19 of 2nd period - Snap shot by Drew Miller.
17:19 of 2nd period - Stopped by Semyon Varlamov with a rebound.
17:21 of 2nd period - Wrist shot by Marcus Kruger.
17:21 of 2nd period - Shot Misses the Net.
17:23 of 2nd period - Snap shot by Mats Zuccarello.
17:23 of 2nd period - Shot Misses the Net.
17:25 of 2nd period - Backhand shot by Stephane Robidas.
17:25 of 2nd period - Shot Misses the Net.
17:27 of 2nd period - Snap shot by Drew Miller.
17:27 of 2nd period - Stopped by Semyon Varlamov without a rebound.
17:28 of 2nd period - Paul Stastny wins face-off versus Marcus Kruger in Avalanche zone.
18:27 of 2nd period - Slapshot by Jakub Voracek.
18:27 of 2nd period - Stopped by Semyon Varlamov with a rebound.
18:45 of 2nd period - Jakub Voracek is hit by Ryan Smyth and loses puck.
19:18 of 2nd period - Wrist shot by Jakub Voracek.
19:18 of 2nd period - Shot Misses the Net.
Goals for this period are 1 for Flyers vs 2 for Avalanche.
Shots for this period are 16 for Flyers vs 22 for Avalanche.
3rd period
0:01 of 3rd period - Andrei Kostitsyn wins face-off versus Jeff Carter in neutral zone.
0:13 of 3rd period - Off-side.
0:14 of 3rd period - Bryan Little wins face-off versus Jeff Carter in neutral zone.
0:27 of 3rd period - Snap shot by Jeff Carter.
0:27 of 3rd period - Shot Blocked by Corey Perry.
1:11 of 3rd period - Snap shot by Andrei Kostitsyn.
1:11 of 3rd period - Shot Blocked by Nathan Paetsch.
1:13 of 3rd period - Snap shot by Paul Stastny.
1:13 of 3rd period - Shot Misses the Net.
1:29 of 3rd period - Snap shot by Wayne Simmonds.
1:29 of 3rd period - Deflect By Jeff Carter.
1:29 of 3rd period - Stopped by Semyon Varlamov without a rebound.
1:30 of 3rd period - Paul Stastny wins face-off versus Jeff Carter in Avalanche zone.
1:30 of 3rd period - Paul Stastny is hit by Wayne Simmonds.
1:44 of 3rd period - Wrist shot by Paul Stastny.
1:44 of 3rd period - Shot Blocked by Stephane Robidas.
1:46 of 3rd period - Wrist shot by Andrei Kostitsyn.
1:46 of 3rd period - Goal by Andrei Kostitsyn - Flyers : 2 - Avalanche : 4.
1:47 of 3rd period - Bryan Little wins face-off versus Jeff Carter in neutral zone.
1:50 of 3rd period - Oliver Ekman-Larsson is hit by Mikkel Boedker and loses puck.
2:01 of 3rd period - Slapshot by Stephane Robidas.
2:01 of 3rd period - Shot Blocked by Jack Johnson.
2:03 of 3rd period - Slapshot by Chris Kreider.
2:03 of 3rd period - Shot Blocked by Jack Johnson.
2:45 of 3rd period - Johnny Boychuk is hit by Marcus Kruger and loses puck.
3:18 of 3rd period - Mikkel Boedker is hit by Chris Kreider and loses puck.
3:41 of 3rd period - Snap shot by Dany Heatley.
3:41 of 3rd period - Stopped by Semyon Varlamov with a rebound.
4:05 of 3rd period - Off-side.
4:06 of 3rd period - Marcus Kruger wins face-off versus Mike Comrie in neutral zone.
5:01 of 3rd period - Dany Heatley is hit by Alexander Radulov.
5:32 of 3rd period - Jeff Woywitka is hit by Brandon Yip and loses puck.
6:10 of 3rd period - Jeff Woywitka is hit by Marc Staal and loses puck.
7:18 of 3rd period - Icing by Oliver Ekman-Larsson.
7:19 of 3rd period - Jeff Carter wins face-off versus Paul Stastny in Flyers zone.
7:24 of 3rd period - Slapshot by Stephane Robidas.
7:24 of 3rd period - Stopped by Semyon Varlamov without a rebound.
7:25 of 3rd period - Paul Stastny wins face-off versus Jeff Carter in Avalanche zone.
7:51 of 3rd period - Icing by Andrei Kostitsyn.
7:52 of 3rd period - Kyle Wellwood wins face-off versus Paul Stastny in Avalanche zone.
7:53 of 3rd period - Snap shot by Jakub Voracek.
7:53 of 3rd period - Stopped by Semyon Varlamov with a rebound.
8:07 of 3rd period - Snap shot by Andrei Kostitsyn.
8:07 of 3rd period - Goal by Andrei Kostitsyn - Flyers : 2 - Avalanche : 5.
8:08 of 3rd period - Bryan Little wins face-off versus Jeff Carter in neutral zone.
8:22 of 3rd period - Minor Penalty to Mikkel Boedker for Hooking.
8:23 of 3rd period - Mike Comrie wins face-off versus Wayne Simmonds in Avalanche zone.
8:27 of 3rd period - Slapshot by Marc Staal.
8:27 of 3rd period - Shot Blocked by Jonathan Ericsson.
10:10 of 3rd period - Jonathan Ericsson is hit by Cory Emmerton and loses puck.
10:19 of 3rd period - Andrei Kostitsyn is hit by Oliver Ekman-Larsson and loses puck.
10:22 of 3rd period - Penalty to Mikkel Boedker is over, Mikkel Boedker is back on ice.
10:32 of 3rd period - Wrist shot by Rostislav Olesz.
10:32 of 3rd period - Stopped by Semyon Varlamov with a rebound.
10:34 of 3rd period - Wrist shot by Alexei Morozov.
10:34 of 3rd period - Shot Blocked by Johnny Boychuk.
11:06 of 3rd period - Snap shot by Andrew Ladd.
11:06 of 3rd period - Stopped by Cory Schneider without a rebound.
11:07 of 3rd period - Kyle Wellwood wins face-off versus Mike Comrie in Flyers zone.
12:10 of 3rd period - Snap shot by Andrew Ladd.
12:10 of 3rd period - Stopped by Cory Schneider without a rebound.
12:11 of 3rd period - Jeff Carter wins face-off versus Paul Stastny in Flyers zone.
12:25 of 3rd period - Snap shot by Jeff Carter.
12:25 of 3rd period - Shot Misses the Net.
12:37 of 3rd period - Stephane Robidas is hit by Mikkel Boedker and loses puck.
12:52 of 3rd period - Johnny Boychuk is hit by Jakub Voracek and loses puck.
13:09 of 3rd period - Drew Miller is hit by Ryan Smyth and loses puck.
13:32 of 3rd period - Wrist shot by Chris Kreider.
13:32 of 3rd period - Stopped by Semyon Varlamov with a rebound.
13:34 of 3rd period - Snap shot by Wayne Simmonds.
13:34 of 3rd period - Shot Misses the Net.
14:04 of 3rd period - Mikkel Boedker is hit by Kyle Wellwood and loses puck.
14:16 of 3rd period - Off-side.
14:17 of 3rd period - Marcus Kruger wins face-off versus Paul Stastny in neutral zone.
14:53 of 3rd period - Johnny Boychuk is hit by Wayne Simmonds.
14:54 of 3rd period - Johnny Boychuk from Avalanche is injured at 14:54 of 3rd period (Left Hand).
14:55 of 3rd period - Paul Stastny wins face-off versus Jeff Carter in neutral zone.
15:20 of 3rd period - Corey Perry is hit by Dany Heatley and loses puck.
15:59 of 3rd period - Dany Heatley is hit by Brandon Yip and loses puck.
16:18 of 3rd period - Snap shot by Andrei Kostitsyn.
16:18 of 3rd period - Stopped by Cory Schneider with a rebound.
16:20 of 3rd period - Slapshot by Paul Stastny.
16:20 of 3rd period - Deflect By Alexander Radulov.
16:20 of 3rd period - Shot Misses the Net.
16:20 of 3rd period - Puck is out of play.
16:21 of 3rd period - Corey Perry wins face-off versus Marcus Kruger in Flyers zone.
16:32 of 3rd period - Slapshot by Drew Miller.
16:32 of 3rd period - Stopped by Semyon Varlamov without a rebound.
16:33 of 3rd period - Paul Stastny wins face-off versus Jeff Carter in Avalanche zone.
16:59 of 3rd period - Jeff Woywitka is hit by Mikkel Boedker and loses puck.
17:29 of 3rd period - Wrist shot by Cory Emmerton.
17:29 of 3rd period - Stopped by Cory Schneider with a rebound.
17:31 of 3rd period - Slapshot by Cory Emmerton.
17:31 of 3rd period - Shot Blocked by Jakub Voracek.
17:41 of 3rd period - Brandon Yip is hit by Nathan Paetsch and loses puck.
17:50 of 3rd period - Slapshot by Alexei Morozov.
17:50 of 3rd period - Shot Misses the Net.
17:52 of 3rd period - Slapshot by Nathan Paetsch.
17:52 of 3rd period - Shot Misses the Net.
18:02 of 3rd period - Oliver Ekman-Larsson is hit by Mark Giordano and loses puck.
18:11 of 3rd period - Snap shot by Andrei Kostitsyn.
18:11 of 3rd period - Deflect By Paul Stastny.
18:11 of 3rd period - Shot Misses the Net.
18:11 of 3rd period - Puck is out of play.
18:12 of 3rd period - Kyle Wellwood wins face-off versus Bryan Little in Flyers zone.
18:12 of 3rd period - Kyle Wellwood is hit by Pernell Karl Subban.
19:19 of 3rd period - Snap shot by Ryan Smyth.
19:19 of 3rd period - Stopped by Cory Schneider with a rebound.
19:21 of 3rd period - Slapshot by Jay Bouwmeester.
19:21 of 3rd period - Stopped by Cory Schneider without a rebound.
19:22 of 3rd period - Paul Stastny wins face-off versus Jeff Carter in Flyers zone.
19:30 of 3rd period - Minor Penalty to Chris Kreider for Hooking.
19:31 of 3rd period - Matthew Lombardi wins face-off versus Bryan Little in Flyers zone.
19:31 of 3rd period - Matthew Lombardi is hit by Mikkel Boedker.
19:42 of 3rd period - Snap shot by Mikkel Boedker.
19:42 of 3rd period - Stopped by Cory Schneider without a rebound.
19:43 of 3rd period - Bryan Little wins face-off versus Matthew Lombardi in Flyers zone.
19:48 of 3rd period - Snap shot by Mikkel Boedker.
19:48 of 3rd period - Stopped by Cory Schneider without a rebound.
19:49 of 3rd period - Bryan Little wins face-off versus Matthew Lombardi in Flyers zone.
19:50 of 3rd period - Slapshot by Mikkel Boedker.
19:50 of 3rd period - Shot Misses the Net.
19:52 of 3rd period - Snap shot by Corey Perry.
19:52 of 3rd period - Goal by Corey Perry - Flyers : 2 - Avalanche : 6.
19:53 of 3rd period - Bryan Little wins face-off versus Jeff Carter in neutral zone.
Goals for this period are 0 for Flyers vs 3 for Avalanche.
Shots for this period are 7 for Flyers vs 11 for Avalanche.
Back to the Top